 Dungeon Crawl Stone Soup version 0.31-a0-339-gda1cbd555d (webtiles) character file.

Game seed: 10744449547972034785

37 bmack86 the Ruffian (level 3, -3/29 HPs)
             Began as a Meteoran Shapeshifter on July 20, 2023.
             Slain by an orc
             ... wielding a +0 trident
              (4 damage)
             ... on level 2 of the Dungeon.
             The game lasted 00:04:07 (563 turns).

bmack86 the Ruffian (Meteoran Shapeshifter)          Turns: 563, Time: 00:04:07

Health: -3/29      AC:  2    Str: 18    XL:     3   Next: 88%
Magic:  13/13      EV: 12    Int:  9    God:
Gold:   49         SH:  0    Dex: 15    Spells: 2/2 levels left

rFire   + .          .
                       - Unarmed
rCold   . . .        (no shield)
rNeg    . . .        a - +0 animal skin
rPois   .            (helmet currently unavailable)
rElec   .            (cloak currently unavailable)
rCorr   .            (gloves currently unavailable)
SInv    .            (boots currently unavailable)
Will    .....        (no amulet)
Stlth   +            d - ring of protection from fire
HPRegen 0.24/turn    h - ring of magical power
MPRegen 0.13/turn

%: no passive effects
@: beast-form, attractive, glowing
A: beast (slay +2), sense surroundings 1, otherworldly, glowing, explore regen
a: Begin Untransformation


You were on level 2 of the Dungeon.
You were a hulking beast.
You visited 1 branch of the dungeon, and saw 2 of its levels.

You collected 49 gold pieces.

Inventory:

Armour
 a - a +0 animal skin (worn)
 k - a +0 plate armour
Jewellery
 d - a ring of protection from fire (left hand)
 h - a ring of magical power (right hand)
Talismans
 c - a beast talisman
Scrolls
 e - 2 scrolls of identify {unknown}
 g - a scroll of noise {unknown}
 i - a scroll of fear {unknown}
Potions
 b - 2 potions of lignification
 j - a potion of curing {unknown}
 l - a potion of cancellation {unknown}


   Skills:
 + Level 2.2 Fighting
 - Level 2.4 Dodging
 + Level 4.2 Unarmed Combat
 + Level 4.0 Shapeshifting


You had 2 spell levels left.
You didn't know any spells.
Your spell library was empty.

Dungeon Overview and Level Annotations

Branches:
Dungeon (2/15) Zot: 642

Altars:


Innate Abilities, Weirdness & Mutations

You are a hulking beast.
Your limbs bulge with bestial killing power. (Slay +2)
You passively map a small area around you.
You are easily found by Zot.
You glow in the dark.
You regain HP and MP as you explore.


Message History

There are no items here.
You see here a +0 plate armour.
k - a +0 plate armour
l - a bubbling puce potion You open the door.
Found a club.
A bat comes into view.
There is an open door here.
The bat closely misses you. The bat closely misses you.
You see here a +0 club.
You barely miss the bat. The bat hits you.
You closely miss the bat. The bat closely misses you.
You punch the bat!
You kill the bat!
You see here a bat corpse. 3 orcs come into view.
The orc shouts! x3
An orc comes into view. It is wielding a +0 mace.
The orc shouts!
You hear a shout!
An orc comes into view. It is wielding a +0 hand axe.
You barely miss the orc. The orc misses you.
You hit the orc.
The orc is heavily wounded.
The orc hits you but does no damage.
You punch the orc!
You kill the orc!
The orc hits you from afar with a +0 trident!
You punch the orc!
You kill the orc!
The orc hits you from afar with a +0 trident!
Okay, then.
It was a potion of attraction.
You feel attractive to monsters.
The orc hits you from afar with a +0 trident!
* * * LOW HITPOINT WARNING * * *
You barely miss the orc. The orc hits you with a +0 hand axe.
* * * LOW HITPOINT WARNING * * *
The orc hits you from afar with a +0 trident.
You die... , * ,..... * #...# #...# * #...# ##... .oo

. * *#o###############.
####h#...............
######....#...............
#......####...............
#......'.##...............
#....)†#.##...............
#......#.##.......().....#
#......#.##..............#
#......#......<..........#
#......###...............#


You could see 3 orcs.

Vanquished Creatures
  A worm (D:2)
  2 dart slugs (D:1)
  2 orcs (D:2)
  4 ball pythons
  A bat (D:2)
  3 endoplasms
  2 giant cockroaches (D:1)
  A goblin (D:1)
  A hobgoblin (D:1)
  3 kobolds (D:1)
  A frilled lizard (D:1)
  6 rats
27 creatures vanquished.

Notes
Turn   | Place    | Note
-------+----------+-------------------------------------------
     0 | D:1      | bmack86 the Meteoran Shapeshifter began the quest for the
                  | Orb.
     0 | D:1      | Reached XP level 1. HP: 16/16 MP: 2/2
    76 | D:2      | Reached XP level 2. HP: 7/23 MP: 3/3
   212 | D:1      | Found a faded altar of an unknown god.
   233 | D:1      | Reached XP level 3. HP: 26/29 MP: 4/4
   563 | D:2      | HP: 1/29 [orc/+0 hand axe (6)]
   563 | D:2      | Slain by an orc

Illustrated notes

Levels and vault maps discovered:
D:1:      dpeg_arrival_rhombus, layout_basic,
          shapermc_ecumenical_altar_mp_highgroup, dreamdust_mushroom_princess
D:2:      layout_basic, basic_altar, uniq_natasha

Skill      XL: |  1  2  3 |
---------------+----------+-----
Unarmed Combat | 4 |  4.2
Fighting       | 2 |  2.2
Shapeshifting  | 4 |  4.0
Dodging        | |  2.4

Action                     || total
---------------------------++-------
  Melee: Unarmed           ||    70
         Punch             ||     2
    Use: Potion            ||     1
 Armour: Animal skin       ||    10
  Dodge: Dodged            ||    23

Table legend: (Time is in decaauts)
 A = Elapsed time spent in this place.
 B = Non-inter-level travel time spent in this place.
 C = Inter-level travel time spent in this place.
 D = Time resting spent in this place.
 E = Time spent auto-exploring this place.
 F = Levels seen in this place.
 G = Mean time per level.
                   A        B        C        D        E       F      G
               +--------+--------+--------+--------+--------+-----+--------+
         Total |    556 |    556 |      0 |      0 |     26 |   2 |  278.0 |
       Dungeon |    556 |    556 |      0 |      0 |     26 |   2 |  278.0 |
               +--------+--------+--------+--------+--------+-----+--------+

Top non-repeatable levels by time:
     D:1: 316 daAuts
     D:2: 240 daAuts
